 Dungeon Crawl Stone Soup version 0.28.0 (webtiles) character file.

Game seed: 9156066634506127663

4016 Angani the Grappler (level 10, -6/83 HPs)
             Began as a White Draconian Delver on Feb 12, 2022.
             Was a Believer of Ru.
             Killed from afar by a gargoyle (23 damage)
             ... with a stone arrow
             ... on level 5 of the Dungeon.
             The game lasted 00:18:18 (11133 turns).

Angani the Grappler (White Draconian Delver)       Turns: 11133, Time: 00:18:18

Health: -6/83      AC: 10    Str: 15    XL:     10   Next: 3%
Magic:  9/9        EV: 13    Int: 15    God:    Ru [**....]
Gold:   638        SH:  0    Dex: 12    Spells: 9/9 levels left

rFire   + . .      SeeInvis .     - Unarmed
rCold   + . .      Faith    .   (no shield)
rNeg    . . .      Spirit   .   (armour unavailable)
rPois   .          Reflect  .   (helmet restricted)
rElec   .          Harm     .   (no cloak)
rCorr   .          Rampage  .   f - +2 pair of gloves
Will    .....                   (no boots)
Stlth   +++.......              (no amulet)
HPRegen 0.23/turn               l - ring of protection from fire
MPRegen 0.11/turn               (no ring)

@: short of breath
A: breathe frost, AC +7, unfitting armour, cold resistance 1, frail 1, low MP 1,
cold-blooded
a: Breathe Frost, Renounce Religion


You were on level 5 of the Dungeon.
You worshipped Ru.
Ru was pleased with you.
You visited 2 branches of the dungeon, and saw 9 of its levels.
You also visited: Ossuary.

You collected 638 gold pieces.

Inventory:

Armour
 f - a +2 pair of gloves (worn)
Jewellery
 l - a ring of protection from fire (left hand)
Wands
 e - a wand of digging (2)
Scrolls
 a - a scroll of fog
 b - a scroll of magic mapping
 c - 2 scrolls of fear
 g - 3 scrolls of identify
 h - 6 scrolls of teleportation
 i - 3 scrolls of noise
 j - 5 scrolls of enchant weapon
 k - a scroll of blinking {unknown}
 s - a scroll of summoning
 t - 2 scrolls of amnesia
Potions
 d - a potion of resistance
 m - 2 potions of cancellation
 n - a potion of experience {unknown}
 o - 2 potions of mutation
 p - a potion of brilliance
 r - 4 potions of degeneration {unknown}


   Skills:
 - Level 10.1 Fighting
 + Level 5.2 Dodging
 - Level 4.5 Stealth
 + Level 10.5 Unarmed Combat


You had 9 spell levels left.
You didn't know any spells.
Your spell library contained the following spells:

 Spells                   Type           Power      Damage    Failure   Level
 Blink                    Tloc           0%         N/A       38%         2
 Passwall                 Tmut/Erth      0%         N/A       38%         2
 Lesser Beckoning         Tloc           0%         N/A       63%         3
 Petrify                  Tmut/Erth      0%         N/A       95%         4
 Manifold Assault         Tloc           0%         N/A       100%        5
 Shatter                  Erth           0%         3d5*      100%        9
 Animate Armour           Summ/Erth      Unusable   N/A       N/A         4

Dungeon Overview and Level Annotations

Branches:
Dungeon (8/15)             Temple (1/1) D:5         Ossuary (visited)
   Lair: D:8-11

Altars:
Ashenzari
Cheibriados
Dithmenos
Elyvilon
Fedhas
Gozag
Hepliaklqana
Kikubaaqudgha
Makhleb
Nemelex Xobeh
Okawaru
Qazlal
Ru
Sif Muna
Trog
Uskayaw
Vehumet
Wu Jian
Xom
Yredelemnul
Zin
The Shining One

Shops:
D:1 (   D:7 [


Innate Abilities, Weirdness & Mutations

You can breathe waves of freezing cold which knock back foes.
Your icy white scales are hard. (AC +7)
You cannot fit into any form of body armour.
Your flesh is cold resistant. (rC+)
You are frail. (-10% HP)
Your magical capacity is low. (-10% MP)
You are cold-blooded and may be slowed by cold attacks.


Message History

You hit the gargoyle but do no damage.
The gargoyle is lightly damaged.
The gargoyle misses you.
You hit the gargoyle.
The gargoyle is lightly damaged.
You hit the gargoyle.
The gargoyle is moderately damaged.
The gargoyle hits you with a +0 flail!
You hit the gargoyle but do no damage.
The gargoyle is moderately damaged.
The gargoyle hits you with a +0 flail!
You barely miss the gargoyle. You tail-slap the gargoyle.
You punch the gargoyle!
The gargoyle is heavily damaged.
The gargoyle begins to attack, but is stunned by your conviction!
You hit the gargoyle.
The gargoyle is severely damaged.
The gargoyle hits you with a +0 flail!
You hit the gargoyle but do no damage.
The gargoyle is severely damaged.
You hit the gargoyle but do no damage.
You tail-slap the gargoyle, but do no damage.
The gargoyle is severely damaged.
The gargoyle hurls a stone arrow at you.
The stone arrow misses you.
You completely miss the gargoyle.
You tail-slap the gargoyle, but do no damage.
The gargoyle is severely damaged.
The gargoyle closely misses you.
You hit the gargoyle.
The gargoyle is almost destroyed.
The gargoyle hits you with a +0 flail!
* * * LOW HITPOINT WARNING * * *
Okay, then.
Okay, then.
You hit the gargoyle but do no damage.
The gargoyle is almost destroyed.
The gargoyle hurls a stone arrow at you.
The stone arrow hits you!!
You die...

...### #...............# .....##
#...............###### ......##
####.................. ..[....#
####.......8.8.8... ......##
#######................ ......#
##.##......####......###
......####......$#..# #.........
......##............####.####.###
................@.....##.# #....
.......##.......9........# #.##.
....#####.............#..# #...#
..### ##............#......_...
.## #............# #.#...## ##
#..!......[.## #.##.##
##..........# # ..# #..........#
#.# ##...<9.. ...


You could see a gargoyle.

Vanquished Creatures
  A two-headed ogre (D:8)
  Maggie (D:7)
  Psyche (D:8)
  A komodo dragon (D:7)
  A wyvern (D:7)
  A vampire (D:7)
  An acid dragon (D:8)
  4 water moccasins
  2 necrophages
  An ogre (D:4)
  A phantom (D:7)
  4 centaurs
  2 bullfrogs (D:7)
  A gnoll sergeant (D:6)
  A scorpion (D:4)
  3 howler monkeys (D:7)
  2 centaur zombies
  2 centaur skeletons
  2 hounds
  3 orc priests
  2 bullfrog skeletons
  3 iguanas
  3 orc wizards
  8 mummies (Ossuary)
  11 gnolls
  6 adders
  A white imp (D:6)
  An ufetubus (D:4)
  2 worms (D:4)
  19 orcs
  3 endoplasms
  3 giant cockroaches
  5 goblins
  7 hobgoblins
  6 jackals
  3 kobolds
  6 quokkas
  4 ball pythons
  6 bats
  4 frilled lizards (D:1)
  A gnoll zombie (Ossuary)
  2 hobgoblin zombies (Ossuary)
  2 kobold zombies (Ossuary)
  3 orc zombies (Ossuary)
  A quokka skeleton (D:4)
  15 rats
162 creatures vanquished.

Vanquished Creatures (others)
  3 plants (D:2)
3 creatures vanquished.

Grand Total: 165 creatures vanquished

Notes
Turn   | Place    | Note
-------+----------+-------------------------------------------
     0 | D:5      | Angani the Draconian Delver began the quest for the Orb.
     0 | D:5      | Reached XP level 1. HP: 19/19 MP: 1/1
   259 | D:2      | Reached XP level 2. HP: 26/26 MP: 2/2
   927 | D:1      | Reached XP level 3. HP: 32/33 MP: 3/3
  1138 | D:1      | Found Likhua's Weapon Shoppe.
  2298 | D:3      | Reached XP level 4. HP: 38/41 MP: 4/4
  3063 | D:3      | Reached skill level 5 in Fighting
  3104 | D:3      | Reached XP level 5. HP: 26/48 MP: 5/5
  3920 | D:4      | Got the Grimoire of the Wild Haggis
  3949 | D:4      | Noticed a necrophage
  4528 | D:3      | Reached XP level 6. HP: 46/57 MP: 6/6
  4676 | D:4      | Reached skill level 5 in Unarmed Combat
  5036 | D:4      | Your scales start taking on an icy white colour.
  5036 | D:4      | Reached XP level 7. HP: 39/64 MP: 7/7
  5036 | D:4      | Gained mutation: Your flesh is cold resistant. (rC+) [White
                  | Draconian growth]
  5396 | D:5      | Found a staircase to the Ecumenical Temple.
  5420 | Temple   | Entered the Ecumenical Temple
  5527 | Temple   | Became a worshipper of Ru the Awakened
  5582 | D:5      | Noticed a gargoyle
  5616 | D:6      | You fall into a shaft and drop 1 floor!
  5649 | D:7      | Found Voush's Antique Armour Shoppe.
  5745 | D:6      | Found a sand-covered staircase.
  5750 | Ossuary  | Entered an ossuary
  6873 | D:6      | Gained mutation: You are frail. (-10% HP) [Ru sacrifice]
  6873 | D:6      | Reached * piety under Ru
  6873 | D:6      | Reached ** piety under Ru
  6904 | D:6      | Reached XP level 8. HP: 23/66 MP: 8/8
  8278 | D:7      | Noticed a komodo dragon
  8604 | D:7      | Noticed Maggie
  8624 | D:7      | Killed Maggie
  8625 | D:7      | Reached XP level 9. HP: 41/76 MP: 9/9
  8965 | D:7      | Reached skill level 10 in Fighting
  9440 | D:7      | Killed a komodo dragon
 10472 | D:8      | Noticed Psyche
 10473 | D:8      | Gained mutation: Your magical capacity is low. (-10% MP)
                  | [Ru sacrifice]
 10479 | D:8      | Killed Psyche
 10480 | D:8      | Reached skill level 10 in Unarmed Combat
 10502 | D:8      | Noticed a two-headed ogre
 10538 | D:8      | Killed a two-headed ogre
 10539 | D:8      | Reached skill level 5 in Dodging
 10539 | D:8      | Reached XP level 10. HP: 29/83 MP: 9/9
 11095 | D:5      | Found a blossoming altar of Fedhas.
 11133 | D:5      | Killed from afar by a gargoyle

Illustrated notes

Levels and vault maps discovered:
D:1:      heliophobic_arrival_ceremonial_halls, layout_loops_ring, serial_shops,
          nicolae_shop_stone, minmay_pentomino_t2
D:2:      layout_rooms, serial_glass, glass_columns_c, glass_columns_a,
          due_unseen_surprise, minmay_strange_pillars, feat_on_display,
          corexii_shack, minmay_rat_gold_closets
D:3:      layout_basic, serial_glass, glass_columns_a, glass_columns_b,
          glass_columns_a, glass_columns_a, glass_columns_b, glass_columns_a,
          glass_columns_c, glass_columns_b, glass_columns_a, glass_columns_a,
          glass_columns_c, glass_columns_c, glass_columns_c, glass_columns_b
D:4:      layout_cave_pods
D:5:      layout_cave_pods, nicolae_overflow_crystal_walls,
          minmay_temple_entry_grid, serial_column_ruins,
          column_ruins_open_medium, column_ruins_columns_straight,
          column_ruins_open_small
D:6:      layout_loops_ring, enter_ossuary_2, kennysheep_generic_room_12
D:7:      layout_basic, serial_shops, shop, minmay_misc_feat_chi, kb_rosetta,
          uniq_maggie
D:8:      layout_gridville, uniq_psyche
Temple:   dpeg_three_leaves_temple

Skill      XL: |  1  2  3  4  5  6  7  8  9 |
---------------+----------------------------+-----
Fighting       | 4 5 6 8 9 10 | 10.1
Unarmed Combat | 3 4 5 6 8 10 | 10.5
Dodging        | 5 |  5.2
Stealth        | |  4.5

Action                   |  1- 3 |  4- 6 |  7- 9 | 10-12 || total
-------------------------+-------+-------+-------+-------++-------
Melee: Unarmed           |   179 |   169 |   368 |    14 ||   730
       Tailslap          |    17 |    20 |    56 |     5 ||    98
       Punch             |     3 |     7 |    21 |     1 ||    32
Invok: Sacrifice Health  |       |       |     1 |       ||     1
       Sacrifice Essence |       |       |     1 |       ||     1
 Abil: Breathe Frost     |       |       |    29 |     1 ||    30
Evoke: Wand              |     1 |       |       |       ||     1
  Use: Scroll            |       |     7 |    11 |       ||    18
       Potion            |       |     3 |     5 |       ||     8
 Stab: Sleeping          |    14 |     2 |     6 |     1 ||    23
       Distracted        |       |       |     3 |       ||     3
Armor: Skin              |    49 |    54 |   106 |       ||   209
Dodge: Dodged            |   102 |    88 |   192 |     3 ||   385
